APP
MIAMI (APP) MARLINS @ PHILADELPHIA (APP) PHILLIES
10/04/2048
 
TOP OF THE 1ST
Miami (APP) Marlins batting - Pitching for Philadelphia (APP) Phillies : LHP Gilg Martin
Pitching: LHP Gilg Martin
Batting: RHB Hikaru Nakata 0-0: Called Strike
0-1: Ball
1-1: Foul Ball, location: 2F
1-2: Fly out, F8 (Flyball, 89D, EV 85.6 MPH)
Batting: RHB Clark Meagher 0-0: Fly out, F9 (Line Drive, 9LM, EV 91.2 MPH)
Batting: RHB David Martin 0-0: Ball
1-0: Foul Ball, location: 2F
1-1: DOUBLE (Groundball, 5L, EV 103.8 MPH)
Batting: RHB Rick English 0-0: Ball
1-0: Called Strike
1-1: Swinging Strike
1-2: Strikes out swinging
Top of the 1st over - 0 runs, 1 hit, 0 errors, 1 left on base; Miami (APP) 0 - Philadelphia (APP) 0
BOTTOM OF THE 1ST
Philadelphia (APP) Phillies batting - Pitching for Miami (APP) Marlins : RHP Josue Rubio
Pitching: RHP Josue Rubio
Batting: LHB Jonathan Roman 0-0: Ball
1-0: Foul Ball, location: 2F
1-1: Ball
2-1: Foul Ball, location: 2F
2-2: Ball
3-2: Base on Balls
Batting: RHB Rafael Soto 0-0: Ball
1-0: Ball
2-0: Called Strike
2-1: Ball
3-1: Called Strike
3-2: SINGLE (Line Drive, 6M, EV 100.0 MPH)
Jonathan Roman to second
Batting: LHB Rich Kuehne 0-0: Called Strike
Jonathan Roman steals 3rd base
0-1: Ball
Passed Ball!
Jonathan Roman scores
Rafael Soto to second
1-1: Foul Ball, location: 2F
1-2: DOUBLE (Flyball, 9LD, EV 100.0 MPH)
Rafael Soto scores
Batting: SHB Brett St. Clair 0-0: Ball
Passed Ball!
Rich Kuehne to third
1-0: Ball
2-0: Ball
3-0: Called Strike
3-1: Foul Ball, location: 2F
3-2: Base on Balls
Batting: RHB Juan Valadez 0-0: Ball
1-0: Called Strike
1-1: Ball
2-1: Called Strike
2-2: Foul Ball, location: 2F
2-2: Ball
3-2: Strikes out looking
Batting: RHB Simon Mergeni 0-0: Ball
1-0: Ball
2-0: Called Strike
2-1: Ball
3-1: Base on Balls
Brett St. Clair to second
Batting: RHB Zach Slot 0-0: Ball
1-0: Ball
2-0: Ball
3-0: Called Strike
3-1: Swinging Strike
3-2: Base on Balls
Rich Kuehne scores
Brett St. Clair to third
Simon Mergeni to second
Batting: RHB Joel Gomez 0-0: Swinging Strike
0-1: Ball
1-1: Ball
2-1: Foul Ball, location: 2F
2-2: Foul Ball, location: 2F
2-2: Ball
3-2: Strikes out swinging
Batting: RHB Allen Deschamps 0-0: Ball
1-0: Foul Ball, location: 2F
1-1: Foul Ball, location: 2F
1-2: Strikes out swinging
Bottom of the 1st over - 3 runs, 2 hits, 0 errors, 3 left on base; Miami (APP) 0 - Philadelphia (APP) 3
TOP OF THE 2ND
Miami (APP) Marlins batting - Pitching for Philadelphia (APP) Phillies : LHP Gilg Martin
Batting: LHB Tony Olmos 0-0: Ball
1-0: Called Strike
1-1: Foul Ball, location: 2F
1-2: Fly out, F6 (Popup, 6D, EV 51.9 MPH)
Batting: RHB Tony Ledezma 0-0: Ball
1-0: Swinging Strike
1-1: SOLO HOME RUN (Flyball, 9LD, EV 91.2 MPH), Distance : 333 ft
Batting: RHB Axel Moltke 0-0: Ball
1-0: Ball
2-0: Swinging Strike
2-1: Foul Ball, location: 2F
2-2: Ball
3-2: Base on Balls
Batting: RHB Aaron Mamer 0-0: Called Strike
0-1: Called Strike
0-2: Ball
1-2: Fielders Choice at 2nd, 4-6 (Groundball, 4M, EV 83.8 MPH)
Batting: LHB Freddy Monge 0-0: Called Strike
0-1: DOUBLE (Groundball, 5L, EV 107.5 MPH)
Aaron Mamer to third
Runner from 3rd tries for Home, throw by LF and OUT! 7-6-2
Top of the 2nd over - 1 run, 2 hits, 0 errors, 1 left on base; Miami (APP) 1 - Philadelphia (APP) 3
BOTTOM OF THE 2ND
Philadelphia (APP) Phillies batting - Pitching for Miami (APP) Marlins : RHP Josue Rubio
Batting: LHB Jonathan Roman 0-0: Called Strike
0-1: Ball
1-1: Ground out 6-3 (Groundball, 6M, EV 83.1 MPH)
Batting: RHB Rafael Soto 0-0: Ball
1-0: Ball
2-0: Swinging Strike
2-1: Fly out, F9 (Flyball, 89S, EV 91.9 MPH)
Batting: LHB Rich Kuehne 0-0: Ball
1-0: Ball
2-0: Swinging Strike
2-1: Ball
3-1: Base on Balls
Batting: SHB Brett St. Clair 0-0: Ball
1-0: Ball
Wild Pitch!
Rich Kuehne to second
2-0: Called Strike
2-1: Ball
Wild Pitch!
Rich Kuehne to third
3-1: Base on Balls
Batting: RHB Juan Valadez 0-0: Ball
1-0: Called Strike
1-1: Called Strike
1-2: SINGLE (Groundball, 5S, EV 69.4 MPH) (infield hit)
Rich Kuehne scores
Brett St. Clair to second
Batting: RHB Simon Mergeni 0-0: Ball
1-0: Ground out 4-3 (Groundball, 34, EV 83.1 MPH)
Bottom of the 2nd over - 1 run, 1 hit, 0 errors, 2 left on base; Miami (APP) 1 - Philadelphia (APP) 4
TOP OF THE 3RD
Miami (APP) Marlins batting - Pitching for Philadelphia (APP) Phillies : LHP Gilg Martin
Batting: RHB Hikaru Nakata 0-0: Ball
1-0: TRIPLE (Flyball, 9LD, EV 98.1 MPH)
Batting: RHB Clark Meagher 0-0: Ball
1-0: Ball
2-0: Foul Ball, location: 2F
2-1: Foul Ball, location: 2F
2-2: Foul Ball, location: 2F
2-2: Fly out, F3 (Popup, 3DF, EV 71.2 MPH)
Batting: RHB David Martin 0-0: Called Strike
0-1: Ball
Wild Pitch!
Hikaru Nakata scores
1-1: Ball
2-1: Ball
3-1: Called Strike
3-2: Strikes out swinging
Batting: RHB Rick English 0-0: Ground out 4-3 (Groundball, 4, EV 86.9 MPH)
Top of the 3rd over - 1 run, 1 hit, 0 errors, 0 left on base; Miami (APP) 2 - Philadelphia (APP) 4
BOTTOM OF THE 3RD
Philadelphia (APP) Phillies batting - Pitching for Miami (APP) Marlins : RHP Josue Rubio
Batting: RHB Zach Slot 0-0: Called Strike
0-1: Ball
1-1: Swinging Strike
1-2: Strikes out looking
Batting: RHB Joel Gomez 0-0: Swinging Strike
0-1: Ball
1-1: Ball
2-1: Ball
3-1: Base on Balls
Batting: RHB Allen Deschamps 0-0: Ball
1-0: Ball
2-0: Swinging Strike
2-1: Ball
3-1: Base on Balls
Joel Gomez to second
Batting: LHB Jonathan Roman 0-0: Swinging Strike
0-1: Ball
1-1: Swinging Strike
1-2: Strikes out looking
Batting: RHB Rafael Soto 0-0: Ball
1-0: Ball
2-0: Ball
3-0: Base on Balls
Joel Gomez to third
Allen Deschamps to second
Batting: LHB Rich Kuehne 0-0: Fly out, F8 (Flyball, 8LXD, EV 104.4 MPH)
Bottom of the 3rd over - 0 runs, 0 hits, 0 errors, 3 left on base; Miami (APP) 2 - Philadelphia (APP) 4
TOP OF THE 4TH
Miami (APP) Marlins batting - Pitching for Philadelphia (APP) Phillies : LHP Gilg Martin
Batting: LHB Tony Olmos 0-0: Called Strike
0-1: Ball
1-1: Ball
2-1: Ball
3-1: Base on Balls
Batting: RHB Tony Ledezma 0-0: Ball
1-0: Foul Ball, location: 2F
1-1: Ball
2-1: Foul Ball, location: 2F
2-2: Strikes out looking
Batting: RHB Axel Moltke 0-0: Ball
1-0: Foul Ball, location: 2F
1-1: Called Strike
1-2: Foul Ball, location: 2F
1-2: Ball
2-2: Ground out 6-3 (Groundball, 6MD, EV 88.1 MPH)
Tony Olmos to second
Batting: RHB Aaron Mamer 0-0: SINGLE (Groundball, 34D, EV 103.1 MPH)
Tony Olmos to third
Runner from 3rd tries for Home, throw by RF and OUT! 9-2
Top of the 4th over - 0 runs, 1 hit, 0 errors, 1 left on base; Miami (APP) 2 - Philadelphia (APP) 4
BOTTOM OF THE 4TH
Philadelphia (APP) Phillies batting - Pitching for Miami (APP) Marlins : RHP Josue Rubio
Pitching: RHP Aidan Mitchell
Batting: SHB Brett St. Clair 0-0: Ground out 5-3 (Groundball, 56, EV 88.1 MPH)
Batting: RHB Juan Valadez 0-0: Ball
1-0: Ball
2-0: Fly out, F7 (Flyball, 78M, EV 80.0 MPH)
Batting: RHB Simon Mergeni 0-0: Ball
1-0: Swinging Strike
1-1: Foul Ball, location: 2F
1-2: Foul Ball, location: 2F
1-2: Ball
2-2: Foul Ball, location: 2F
2-2: SINGLE (Flyball, 7LM, EV 96.9 MPH)
Batting: RHB Zach Slot 0-0: Called Strike
0-1: Called Strike
0-2: Strikes out swinging
Bottom of the 4th over - 0 runs, 1 hit, 0 errors, 1 left on base; Miami (APP) 2 - Philadelphia (APP) 4
TOP OF THE 5TH
Miami (APP) Marlins batting - Pitching for Philadelphia (APP) Phillies : LHP Gilg Martin
Batting: LHB Freddy Monge 0-0: SOLO HOME RUN (Flyball, 7D, EV 99.4 MPH), Distance : 393 ft
Batting: RHB Hikaru Nakata 0-0: Ground out 5-3 (Groundball, 56S, EV 90.0 MPH)
Batting: RHB Clark Meagher 0-0: Foul Ball, location: 2F
0-1: Swinging Strike
0-2: Ball
1-2: Strikes out swinging
Batting: RHB David Martin 0-0: Called Strike
0-1: Called Strike
0-2: Ball
1-2: Ball
2-2: Ball
3-2: SINGLE (Groundball, 56D, EV 95.0 MPH)
Batting: RHB Rick English 0-0: Ball
1-0: Ball
2-0: Called Strike
2-1: Foul Ball, location: 2F
2-2: 2-RUN HOME RUN (Line Drive, 7D, EV 103.8 MPH), Distance : 392 ft
Pitching: RHP Hugo Rodriguez
Batting: LHB Tony Olmos 0-0: SOLO HOME RUN (Flyball, 89XD, EV 98.1 MPH), Distance : 393 ft
Batting: RHB Tony Ledezma 0-0: Called Strike
0-1: Ball
1-1: Ball
2-1: SOLO HOME RUN (Line Drive, 7D, EV 103.1 MPH), Distance : 395 ft
Batting: RHB Axel Moltke 0-0: Ball
1-0: Foul Ball, location: 2F
1-1: Ball
2-1: Called Strike
2-2: Foul Ball, location: 2F
2-2: Ground out 6-3 (Groundball, 6, EV 80.0 MPH)
Top of the 5th over - 5 runs, 5 hits, 0 errors, 0 left on base; Miami (APP) 7 - Philadelphia (APP) 4
BOTTOM OF THE 5TH
Philadelphia (APP) Phillies batting - Pitching for Miami (APP) Marlins : RHP Aidan Mitchell
Batting: RHB Joel Gomez 0-0: Swinging Strike
0-1: Foul Ball, location: 2F
0-2: Fly out, F9 (Flyball, 9D, EV 103.8 MPH)
Batting: RHB Allen Deschamps 0-0: Called Strike
0-1: Fly out, F8 (Flyball, 8RD, EV 94.4 MPH)
Batting: LHB Jonathan Roman 0-0: Swinging Strike
0-1: Foul Ball, location: 2F
0-2: Ball
1-2: Ball
2-2: Ball
3-2: TRIPLE (Flyball, 8RXD, EV 86.2 MPH)
Batting: RHB Rafael Soto 0-0: Ball
1-0: Called Strike
1-1: Ball
2-1: Foul Ball, location: 2F
2-2: Ball
3-2: Ground out 5-3 (Groundball, 56S, EV 88.1 MPH)
Bottom of the 5th over - 0 runs, 1 hit, 0 errors, 1 left on base; Miami (APP) 7 - Philadelphia (APP) 4
TOP OF THE 6TH
Miami (APP) Marlins batting - Pitching for Philadelphia (APP) Phillies : RHP Hugo Rodriguez
Batting: RHB Aaron Mamer 0-0: Reached on error, E6 (Groundball, 6, EV 84.4 MPH)
Batting: LHB Freddy Monge 0-0: Ball
1-0: Called Strike
1-1: Foul Ball, location: 2F
1-2: Ground out 4-3 (Groundball, 4, EV 100.6 MPH)
Aaron Mamer to third
Batting: RHB Hikaru Nakata 0-0: Called Strike
0-1: Ball
1-1: Ball
2-1: Ball
3-1: Fly out, F7 (Flyball, 78M, EV 86.2 MPH)
Pitching: RHP Bobby Acevedo
Batting: RHB Clark Meagher 0-0: SINGLE (Groundball, 6MD, EV 108.8 MPH)
Aaron Mamer scores
Batting: RHB David Martin 0-0: Ball
1-0: Foul Ball, location: 2F
1-1: Called Strike
Clark Meagher is caught stealing 2nd base 2-4
Top of the 6th over - 1 run, 1 hit, 1 error, 0 left on base; Miami (APP) 8 - Philadelphia (APP) 4
BOTTOM OF THE 6TH
Philadelphia (APP) Phillies batting - Pitching for Miami (APP) Marlins : RHP Aidan Mitchell
Batting: LHB Rich Kuehne 0-0: Ball
1-0: Called Strike
1-1: Ground out 5-3 (Groundball, 56, EV 106.2 MPH)
Batting: SHB Brett St. Clair 0-0: Ground out 4-3 (Groundball, 4, EV 97.5 MPH)
Batting: RHB Juan Valadez 0-0: Called Strike
0-1: Ball
1-1: Ball
2-1: Foul Ball, location: 2F
2-2: Ball
3-2: Foul Ball, location: 2F
3-2: Foul Ball, location: 2F
3-2: Ground out U3 (Groundball, 3, EV 94.4 MPH)
Bottom of the 6th over - 0 runs, 0 hits, 0 errors, 0 left on base; Miami (APP) 8 - Philadelphia (APP) 4
TOP OF THE 7TH
Miami (APP) Marlins batting - Pitching for Philadelphia (APP) Phillies : RHP Bobby Acevedo
Batting: RHB David Martin 0-0: Ball
1-0: Called Strike
1-1: Ball
2-1: Swinging Strike
2-2: Strikes out swinging
Batting: RHB Rick English 0-0: Fly out, F7 (Flyball, 78M, EV 97.5 MPH)
Batting: LHB Tony Olmos 0-0: Ball
1-0: Ball
2-0: Ball
3-0: Called Strike
3-1: DOUBLE (Line Drive, 3D, EV 103.1 MPH)
Batting: RHB Tony Ledezma 0-0: Ball
1-0: Ball
2-0: Called Strike
2-1: Swinging Strike
2-2: Ball
3-2: Base on Balls
Pitching: LHP Marc Haigler
Batting: RHB Axel Moltke 0-0: Foul Ball, location: 2F
0-1: Swinging Strike
0-2: Strikes out swinging
Top of the 7th over - 0 runs, 1 hit, 0 errors, 2 left on base; Miami (APP) 8 - Philadelphia (APP) 4
BOTTOM OF THE 7TH
Philadelphia (APP) Phillies batting - Pitching for Miami (APP) Marlins : RHP Aidan Mitchell
Pitching: RHP Carlos Segura
Batting: RHB Simon Mergeni 0-0: Fly out, F8 (Line Drive, 8LM, EV 88.1 MPH)
Batting: RHB Zach Slot 0-0: Hit by Pitch
Batting: RHB Joel Gomez 0-0: Ball
Wild Pitch!
Zach Slot to second
1-0: Foul Ball, location: 2F
1-1: 2-RUN HOME RUN (Flyball, 7D, EV 95.6 MPH), Distance : 390 ft
Batting: RHB Allen Deschamps 0-0: Ball
1-0: Foul Ball, location: 2F
1-1: Ball
2-1: Called Strike
2-2: SOLO HOME RUN (Flyball, 7D, EV 100.0 MPH), Distance : 394 ft
Pitching: LHP Matt Boehm
Batting: LHB Jonathan Roman 0-0: Foul Ball, location: 2F
0-1: Foul Ball, location: 2F
0-2: DOUBLE (Flyball, 5D, EV 95.6 MPH)
Batting: RHB Rafael Soto 0-0: SINGLE (Groundball, 34D, EV 94.4 MPH)
Jonathan Roman to third
Runner from 3rd tries for Home, SAFE, throw by RF to home
Batting: LHB Rich Kuehne 0-0: Ball
1-0: SINGLE (Groundball, 56D, EV 106.2 MPH)
Rafael Soto to second
Batting: SHB Brett St. Clair 0-0: Swinging Strike
0-1: Foul Ball, location: 2F
0-2: Hit by Pitch
Rafael Soto to third
Rich Kuehne to second
Batting: RHB Juan Valadez 0-0: Ball
1-0: Foul Ball, location: 2F
1-1: Swinging Strike
1-2: Foul Ball, location: 2F
1-2: Foul Ball, location: 2F
1-2: Strikes out swinging
Batting: RHB Simon Mergeni 0-0: Hit by Pitch
Rafael Soto scores
Rich Kuehne to third
Brett St. Clair to second
Batting: RHB Zach Slot 0-0: Fly out, F9 (Flyball, 9D, EV 92.5 MPH)
Bottom of the 7th over - 5 runs, 5 hits, 0 errors, 3 left on base; Miami (APP) 8 - Philadelphia (APP) 9
TOP OF THE 8TH
Miami (APP) Marlins batting - Pitching for Philadelphia (APP) Phillies : LHP Marc Haigler
Pinch Hitting: RHB Adrian Bocker 0-0: Ball
1-0: Ball
2-0: Foul Ball, location: 2F
2-1: Foul Ball, location: 2F
2-2: Ground out 6-3 (Groundball, 6S, EV 88.1 MPH)
Batting: RHB Terrell Smith 0-0: Ball
1-0: SINGLE (Groundball, 4MD, EV 98.8 MPH)
Batting: RHB Hikaru Nakata 0-0: Ball
1-0: Swinging Strike
1-1: Ball
2-1: Foul Ball, location: 2F
2-2: Strikes out swinging
Batting: RHB Clark Meagher 0-0: Foul Ball, location: 2F
0-1: 2-RUN HOME RUN (Flyball, 9D, EV 94.4 MPH), Distance : 363 ft
Batting: RHB David Martin 0-0: SINGLE (Groundball, 6MD, EV 97.5 MPH)
Batting: RHB Rick English 0-0: Foul Ball, location: 2F
0-1: SINGLE (Groundball, 34D, EV 96.9 MPH)
David Martin to second
Runner from 2nd tries for 3rd, SAFE, throw by RF made to third
Batting: LHB Tony Olmos 0-0: Swinging Strike
0-1: Ball
1-1: Called Strike
1-2: Ball
2-2: Ball
3-2: Foul Ball, location: 2F
3-2: Foul Ball, location: 2F
3-2: Strikes out swinging
Top of the 8th over - 2 runs, 4 hits, 0 errors, 2 left on base; Miami (APP) 10 - Philadelphia (APP) 9
BOTTOM OF THE 8TH
Philadelphia (APP) Phillies batting - Pitching for Miami (APP) Marlins : LHP Matt Boehm
Now in LF: Robbie Gomez
Batting: RHB Joel Gomez 0-0: Ball
1-0: Ball
2-0: Ball
3-0: Called Strike
3-1: Foul Ball, location: 2F
3-2: Strikes out swinging
Batting: RHB Allen Deschamps 0-0: Ground out 4-3 (Groundball, 4, EV 82.5 MPH)
Batting: LHB Jonathan Roman 0-0: Ball
1-0: Called Strike
1-1: Ball
2-1: Foul Ball, location: 2F
2-2: Strikes out looking
Bottom of the 8th over - 0 runs, 0 hits, 0 errors, 0 left on base; Miami (APP) 10 - Philadelphia (APP) 9
TOP OF THE 9TH
Miami (APP) Marlins batting - Pitching for Philadelphia (APP) Phillies : LHP Marc Haigler
Batting: RHB Tony Ledezma 0-0: Ball
1-0: Ball
2-0: Ball
3-0: Base on Balls
Batting: RHB Axel Moltke 0-0: Bunt missed!
0-1: Bunted foul
0-2: Ball
1-2: Ball
2-2: Ball
3-2: Base on Balls
Tony Ledezma to second
Batting: RHB Robbie Gomez 0-0: Fly out, F9 (Flyball, 9LS, EV 86.2 MPH)
Batting: RHB Terrell Smith 0-0: Foul Ball, location: 2F
0-1: 3-RUN HOME RUN (Flyball, 7D, EV 106.9 MPH), Distance : 410 ft
Batting: RHB Hikaru Nakata 0-0: Ball
1-0: Foul Ball, location: 2F
1-1: Ground out 4-3 (Groundball, 4, EV 83.8 MPH)
Batting: RHB Clark Meagher 0-0: Ball
1-0: Called Strike
1-1: Ground out 5-3 (Groundball, 56, EV 100.6 MPH)
Top of the 9th over - 3 runs, 1 hit, 0 errors, 0 left on base; Miami (APP) 13 - Philadelphia (APP) 9
BOTTOM OF THE 9TH
Philadelphia (APP) Phillies batting - Pitching for Miami (APP) Marlins : LHP Matt Boehm
Pitching: RHP Cesar Jimenez
Batting: RHB Rafael Soto 0-0: Called Strike
0-1: Called Strike
0-2: Ball
1-2: Foul Ball, location: 2F
1-2: Strikes out swinging
Batting: LHB Rich Kuehne 0-0: Ball
1-0: Ball
2-0: Foul Ball, location: 2F
2-1: Fly out, F7 (Flyball, 7, EV 86.9 MPH)
Batting: SHB Brett St. Clair 0-0: SOLO HOME RUN (Flyball, 89XD, EV 111.9 MPH), Distance : 419 ft
Batting: RHB Juan Valadez 0-0: Ball
1-0: Ball
2-0: Ball
3-0: Base on Balls
Batting: RHB Simon Mergeni 0-0: Fly out, F9 (Flyball, 89S, EV 89.4 MPH)
Bottom of the 9th over - 1 run, 1 hit, 0 errors, 1 left on base; Miami (APP) 13 - Philadelphia (APP) 10
Tuesday, March 28th , 2023 - OOTP Baseball 23.10 Build 110